Map: Jagannatha LE

Players

Gerald - Winner!

  • Race: Protoss Protoss

goblin

  • Race: Protoss Protoss

Event: DreamHack SC2 Masters 2021 Fall

VOD

Have the link to the VOD?

Description

Time

  • Played on: Aug. 3, 2021, 12:50 p.m.
  • Length: 12:45

All games in this series

Show
View Real Time Build Order
Export as new Build Order

Gerald Protoss - Winner!

Build Orders: Oracle Opening 

Get SALT Encoding   

  12  0:00  Probe  
  13  0:12  Probe  
  14  0:17  Pylon  
  14  0:24  Probe (Chrono Boost)  
  16  0:37  Probe (Chrono Boost)  
  16  0:38  Gateway  
  16  0:42  Probe (Chrono Boost)  
  16  0:48  Assimilator  
  17  0:51  Probe (Chrono Boost)  
  18  0:58  Assimilator  
  18  1:04  Probe (Chrono Boost)  
  19  1:13  Probe (Chrono Boost)  
  19  1:15  Gateway  
  20  1:19  Probe  
  21  1:28  Cybernetics Core  
  21  1:31  Probe  
  22  1:37  Pylon  
  22  1:43  Probe  
  23  1:55  Probe  
  24  2:04  Stalker x2  
  24  2:05  Warp Gate  
  24  2:08  Probe  
  29  2:13  Pylon  
  29  2:21  Probe  
  30  2:33  Probe  
  30  2:35  Stargate  
  31  2:46  Probe  
  31  2:58  Probe  
  36  3:04  Nexus  
  32  3:07  Shield Battery  
  32  3:10  Probe  
  33  3:19  Oracle (Chrono Boost)  
  36  3:22  Probe  
  37  3:27  Shield Battery  
  37  3:35  Probe  
  37  3:40  Pylon  
  38  3:48  Probe  
  39  3:52  Void Ray (Chrono Boost)  
  39  4:00  Stalker  
  45  4:02  Stalker  
  47  4:19  Probe  
  47  4:23  Stalker  
  50  4:31  Stalker  
  52  4:34  Probe  
  53  4:40  Probe  
  54  4:52  Probe  
  55  4:56  Probe  
  56  5:04  Twilight Council, Probe  
  57  5:08  Probe  
  57  5:10  Stalker x2  
  57  5:13  Pylon  
  62  5:19  Assimilator  
  62  5:21  Forge  
  62  5:31  Probe  
  62  5:32  Gateway  
  62  5:33  Gateway  
  63  5:35  Blink  
  63  5:37  Stalker  
  63  5:38  Probe  
  66  5:49  Protoss Ground Weapons Level 1 (Chrono Boost)  
  66  5:50  Probe  
  66  5:55  Probe  
  68  6:07  Nexus  
  68  6:08  Probe  
  69  6:14  Probe  
  69  6:16  Gateway  
  69  6:18  Gateway  
  70  6:20  Pylon  
  70  6:26  Pylon  
  70  6:34  Pylon  
  70  6:37  Robotics Facility  
  70  6:38  Probe  
  70  6:39  Probe  
  72  6:42  Shield Battery  
  72  6:50  Probe  
  72  6:52  Stalker x3  
  79  6:56  Probe  
  80  7:02  Photon Cannon, Probe  
  80  7:08  Probe  
  82  7:10  Pylon  
  82  7:14  Probe  
  83  7:20  Probe  
  83  7:21  Gateway  
  84  7:23  Probe  
  84  7:24  Gateway  
  84  7:25  Observer (Chrono Boost)  
  84  7:26  Probe  
  84  7:27  Stalker  
  88  7:31  Stalker x2  
  92  7:40  Stalker x2  
  94  7:44  Probe x3  
  94  7:46  Stalker  
  92  7:55  Charge (Chrono Boost)  
  92  7:56  Probe x2  
  95  8:04  Pylon  
  95  8:08  Probe  
  95  8:09  Stalker x4  
  100  8:20  Probe  
  96  8:29  Stalker x4  
  92  8:35  Stalker x3  
  92  8:37  Shield Battery  
  99  8:43  Assimilator  
  95  9:05  Stalker x4  
  95  9:06  Stalker  
  95  9:09  Zealot  
  105  9:16  Probe x2  
  107  9:21  Pylon  
  107  9:26  Zealot  
  107  9:29  Pylon  
  107  9:30  Gateway x2  
  109  9:33  Assimilator  
  109  9:34  Templar Archives  
  107  9:53  Zealot x6  
  119  10:15  Forge  
  119  10:17  Pylon  
  119  10:19  Pylon  
  119  10:32  Warp Prism (Chrono Boost)  
  119  10:33  Nexus, Dark Shrine  
  119  10:35  Pylon  
  121  10:42  High Templar x4  
  129  10:43  Pylon, Zealot x2  
  129  10:47  Pylon  
  129  10:49  Pylon  
  133  10:53  Photon Cannon  
  133  10:54  Archon x2  
  133  10:58  Observer, Photon Cannon  
  133  11:00  Photon Cannon  
  133  11:01  Photon Cannon  
  133  11:03  Zealot x4  
  142  11:08  Pylon  
  142  11:20  Zealot x6  
  142  11:25  Probe x3  
  157  11:34  Pylon  
  157  11:37  Probe  
  158  11:44  Probe x2  
  158  11:45  Shield Battery  
  158  11:49  Dark Templar x4  
  166  11:55  Zealot x3  
  166  11:56  Zealot  
  174  12:05  Robotics Bay  
  172  12:12  Probe x3  
  175  12:20  Dark Templar x2  
  175  12:21  Dark Templar  
  181  12:28  Zealot x3  
  181  12:29  Zealot x4  
Show
View Real Time Build Order
Export as new Build Order

goblin Protoss 

Build Orders: Oracle Opening 

Get SALT Encoding   

  12  0:00  Probe  
  13  0:12  Probe  
  14  0:18  Pylon  
  14  0:24  Probe (Chrono Boost)  
  15  0:36  Probe (Chrono Boost)  
  15  0:37  Gateway  
  16  0:45  Probe (Chrono Boost)  
  16  0:46  Assimilator  
  17  0:50  Probe  
  17  0:55  Assimilator  
  18  1:03  Probe (Chrono Boost)  
  19  1:09  Gateway  
  19  1:13  Probe (Chrono Boost)  
  19  1:18  Probe (Chrono Boost)  
  21  1:26  Cybernetics Core  
  21  1:29  Probe  
  22  1:36  Pylon  
  22  1:41  Probe  
  23  1:54  Probe  
  24  2:01  Warp Gate (Chrono Boost)  
  24  2:03  Stalker  
  24  2:04  Stalker  
  28  2:15  Pylon  
  28  2:31  Stargate  
  28  2:38  Stalker  
  28  2:39  Stalker  
  32  3:05  Nexus  
  32  3:12  Oracle (Chrono Boost)  
  35  3:20  Pylon  
  35  3:30  Shield Battery  
  35  3:48  Stalker x2  
  39  4:01  Probe  
  40  4:06  Twilight Council  
  40  4:13  Probe  
  39  4:17  Stalker x2  
  39  4:23  Probe  
  44  4:27  Probe  
  44  4:35  Probe  
  45  4:39  Probe  
  45  4:41  Adept x2  
  50  4:46  Blink (Chrono Boost)  
  50  4:52  Probe (Chrono Boost)  
  51  4:54  Probe (Chrono Boost)  
  50  5:06  Probe (Chrono Boost)  
  50  5:09  Probe (Chrono Boost)  
  50  5:13  Probe (Chrono Boost)  
  51  5:16  Probe (Chrono Boost)  
  51  5:20  Probe  
  53  5:22  Gateway  
  53  5:27  Stalker  
  53  5:28  Probe  
  56  5:30  Stalker  
  56  5:32  Probe  
  59  5:37  Pylon  
  59  5:40  Probe  
  60  5:44  Probe  
  60  5:48  Forge  
  61  5:52  Probe  
  61  5:56  Pylon  
  62  6:03  Stalker  
  64  6:04  Stalker  
  64  6:06  Probe x2  
  64  6:08  Assimilator  
  68  6:14  Pylon  
  68  6:18  Protoss Ground Weapons Level 1 (Chrono Boost)  
  68  6:19  Stalker  
  68  6:21  Gateway  
  68  6:23  Pylon  
  67  6:38  Photon Cannon, Stalker x2  
  71  6:58  Stalker  
  73  7:02  Stalker x2  
  73  7:07  Probe  
  78  7:13  Nexus  
  78  7:26  Stalker  
  78  7:27  Stalker x3  
  86  7:39  Probe  
  86  7:41  Probe  
  86  7:43  Charge (Chrono Boost)  
  86  7:48  Pylon  
  86  7:49  Pylon  
  86  7:51  Probe  
  83  7:53  Probe  
  83  7:57  Stalker x2  
  86  8:07  Stalker  
  86  8:08  Stalker  
  86  8:09  Gateway  
  86  8:10  Gateway  
  86  8:11  Probe  
  91  8:24  Protoss Ground Weapons Level 2 (Chrono Boost)  
  91  8:25  Stalker x2  
  85  8:31  Stalker x2  
  85  8:34  Probe  
  86  8:45  Robotics Facility  
  86  8:50  Photon Cannon  
  86  8:54  Stalker x2  
  86  8:55  Stalker  
  91  9:00  Probe x2  
  92  9:17  Probe  
  92  9:20  Gateway x2  
  92  9:28  Stalker x4  
  92  9:31  Pylon  
  100  9:33  Zealot  
  100  9:37  Observer (Chrono Boost)  
  103  9:40  Photon Cannon  
  103  9:50  Observer (Chrono Boost)  
  96  10:03  Zealot x3  
  96  10:04  Zealot  
  100  10:09  Gateway  
  100  10:13  Zealot  
  96  10:20  Zealot x2  
  100  10:24  Shield Battery, Zealot x4  
  100  10:25  Protoss Ground Weapons Level 3 (Chrono Boost)  
  100  10:27  Photon Cannon  
  106  10:29  Shield Battery  
  106  10:41  Stalker x3  
  112  10:45  Stalker x2  
  116  10:50  Pylon  
  116  10:54  Pylon  
  116  11:00  Observer  
  116  11:02  Pylon  
  116  11:08  Nexus  
  116  11:10  Probe x2  
  118  11:16  Assimilator, Probe  
  118  11:17  Assimilator, Sentry  
  119  11:22  Probe x2  
  121  11:28  Probe  
  121  11:30  Templar Archives  
  121  11:32  Pylon  
  122  11:34  Probe x2  
  122  11:35  Assimilator  
  122  11:38  Zealot x4  
  132  11:40  Probe  
  132  11:44  Nexus  
  132  11:46  Zealot x2  
  137  11:47  Pylon  
  137  12:00  Pylon  
  141  12:13  High Templar x2, Zealot x2  
  141  12:14  Zealot x2  
  149  12:17  Archon  
  149  12:19  Zealot x2  
  150  12:23  Observer (Chrono Boost)  

Tags
 
Add a new tag
Caveats
  • Supply blocks, unpowered buildings, or Contaminate may cause inaccurate times.
  • Supply counts are checked every 10 seconds.